 Dungeon Crawl Stone Soup version 0.29-a0-103-g37f86683bf (webtiles) character file.

Game seed: 6488196581303444245

1046 hellse the Grappler (level 8, -3/42 HPs)
             Began as a Vine Stalker Delver on Feb 12, 2022.
             Was a Believer of Okawaru.
             Succumbed to Duvessa's poison
             ... on level 5 of the Dungeon on Feb 15, 2022.
             The game lasted 00:07:19 (3704 turns).

hellse the Grappler (Vine Stalker Delver)           Turns: 3704, Time: 00:07:20

Health: -3/42      AC: 11    Str: 23    XL:     8   Next: 25%
Magic:  1/9        EV: 11    Int: 10    God:    Okawaru [**....]
Gold:   231        SH:  0    Dex: 16    Spells: 7/7 levels left

rFire   . . .      SeeInvis .     - Unarmed
rCold   + . .      Faith    .   (no shield)
rNeg    . . .      Spirit   +   B - +2 scale mail {rC+}
rPois   .          Reflect  .   w - +0 helmet
rElec   .          Harm     .   n - +0 cloak
rCorr   .          Rampage  .   j - +0 pair of gloves
Will    +....                   (no boots)
Stlth   ++........              (no amulet)
HPRegen 0.94/turn               y - ring of flight
MPRegen 0.11/turn               A - +6 ring of strength

@: lethally poisoned (-3 -> -22), flying
A: fangs 3, regeneration 1, magic shield, antimagic bite, no potion heal 2
a: Renounce Religion, Heroism


You were on level 5 of the Dungeon.
You worshipped Okawaru.
Okawaru was pleased with you.
You visited 2 branches of the dungeon, and saw 6 of its levels.

You collected 231 gold pieces.

Inventory:

Armour
 j - a +0 pair of gloves (worn)
 n - a +0 cloak (worn)
 w - a +0 helmet (worn)
 B - a +2 scale mail of cold resistance (worn)
Jewellery
 y - a ring of flight (left hand)
 A - a +6 ring of strength (right hand)
Wands
 c - a wand of iceblast (14)
 f - a wand of digging (6)
 s - a wand of polymorph (11)
Scrolls
 b - 3 scrolls of fog
 d - 3 scrolls of fear
 g - 6 scrolls of identify {unknown}
 i - a scroll of torment {unknown}
 k - 2 scrolls of immolation {unknown}
 o - a scroll of summoning {unknown}
 q - 3 scrolls of vulnerability {unknown}
 r - 2 scrolls of teleportation {unknown}
Potions
 e - 2 potions of haste
 h - a potion of might {unknown}
 l - 2 potions of curing {unknown}
 m - 3 potions of heal wounds {unknown}
 p - 2 potions of degeneration {unknown}
 u - a potion of mutation {unknown}
 v - a potion of flight {unknown}
 x - a potion of lignification {unknown}
 z - a potion of invisibility {unknown}


   Skills:
 - Level 4.2 Fighting
 + Level 1.0 Armour
 - Level 2.6 Dodging
 - Level 6.0 Stealth
 - Level 8.3 Unarmed Combat


You had 7 spell levels left.
You didn't know any spells.
Your spell library contained the following spells:

 Spells                   Type           Power      Damage    Failure   Level
 Static Discharge         Conj/Air       0%         N/A       83%         2
 Lightning Bolt           Conj/Air       0%         1d11      100%        5
 Maxwell's Capacitive Co  Air            0%         ∞         100%        8


Dungeon Overview and Level Annotations

Branches:
Dungeon (5/15)             Temple (1/1) D:5

Altars:
Cheibriados
Dithmenos
Elyvilon
Hepliaklqana
Kikubaaqudgha
Nemelex Xobeh
Okawaru
Trog
Wu Jian
Xom
Yredelemnul
Zin

Shops:
D:4 *

Annotations:
D:5 Duvessa


Innate Abilities, Weirdness & Mutations

You have razor-sharp teeth.
Your natural rate of healing is unusually fast.
When hurt, damage is shared between your health and your magic reserves.
Your bite disrupts and absorbs the magic of your enemies.
Potions cannot restore your health.


Message History

Duvessa rages.
Duvessa hits you but does no damage.
You are poisoned.
Things that are here:
a +0 dagger; a +0 robe; the elf corpse of Dowan You punch Duvessa!
You bite Duvessa. You drain her power.
Duvessa is moderately wounded.
You feel very sick. Duvessa barely misses you.
You punch Duvessa! You bite Duvessa! You drain her power.
Duvessa is heavily wounded.
You feel sick. Duvessa hits you but does no damage.
You hit Duvessa but do no damage.
Duvessa is heavily wounded.
You feel sick.
Duvessa hits you with a +1 rapier of venom.
You hit Duvessa.
Duvessa is severely wounded.
You feel sick.
Duvessa hits you with a +1 rapier of venom.
You are more poisoned.
You closely miss Duvessa. You bite Duvessa. You drain her power.
You feel invigorated.
Duvessa is severely wounded.
You feel very sick.
Duvessa hits you with a +1 rapier of venom!!
* * * LOW HITPOINT WARNING * * *
Duvessa barely misses you.
You are too injured to fight recklessly!
You are too injured to fight recklessly!
You are too injured to fight recklessly!
You hit Duvessa but do no damage. Your bite misses Duvessa.
Duvessa is severely wounded.
You feel sick.
Duvessa hits you with a +1 rapier of venom!
* * * LOW HITPOINT WARNING * * *
You are more poisoned.
You hit Duvessa but do no damage.
Duvessa is severely wounded.
You die...

####...#####.###...,,****,,,,,,,,
+<..................,,,,+,,....,,
##.........######...,****.......,
*#.##..###.# #.#,** *#.......
#.###.# #.# #.#** *#.....#
#.#*#.# #.# #.# *#..... #.#,..#
#.# #.# ##.... #.#,### #.#
###.### #..... #.#,* #.# #.@...#
#..... #.#,*****,*
#e#.#.########..... #..,,,,,,,*
#.#..........#..(.. ###,*******
#.###.##........... ****,*
#.,...##.###.#....# ,,,,,*
########.# #.#..#.# ****** #.#
#.#.##.# #.###......#
#.......####


You could see Duvessa (berserk).

Vanquished Creatures
  Sigmund (D:4)
  A sky beast (D:4)
  A hornet zombie (D:4)
  An ogre (D:4)
  A necrophage (D:3)
  Blork the orc (D:4)
  Dowan (D:5)
  A water moccasin skeleton (D:4)
  A bullfrog zombie (D:5)
  2 hounds (D:4)
  An orc priest (D:3)
  Jessica (D:2)
  2 orc wizards
  Robin (D:4)
  A howler monkey skeleton (D:4)
  4 adders
  A gnoll (D:3)
  An adder skeleton (D:4)
  5 worms
  2 dart slugs
  15 orcs
  5 bats
  3 endoplasms
  A giant cockroach (D:1)
  13 goblins
  3 hobgoblins
  7 jackals
  2 quokkas
  9 ball pythons
  3 frilled lizards
  7 kobolds
  5 rats
103 creatures vanquished.

Notes
Turn   | Place    | Note
-------+----------+-------------------------------------------
     0 | D:5      | hellse the Vine Stalker Delver began the quest for the Orb.
     0 | D:5      | Reached XP level 1. HP: 11/11 MP: 2/2
     9 | D:5      | Found a staircase to the Ecumenical Temple.
    21 | Temple   | Entered the Ecumenical Temple
    30 | Temple   | Became a worshipper of Warmaster Okawaru
   122 | D:4      | Noticed an ogre
   136 | D:4      | Noticed a sky beast
   192 | D:3      | Reached skill level 3 in Unarmed Combat
   192 | D:3      | Reached XP level 2. HP: 11/16 MP: 3/3
   293 | D:3      | Noticed a necrophage
   412 | D:2      | Reached XP level 3. HP: 15/19 MP: 4/4
   449 | D:2      | Upgraded the game from 0.29-a0-96-g93358da72b to
                  | 0.29-a0-103-g37f86683bf
  1265 | D:1      | Found a faded altar of an unknown god.
  1870 | D:2      | Reached skill level 4 in Unarmed Combat
  2074 | D:2      | Noticed Jessica
  2085 | D:2      | Killed Jessica
  2086 | D:2      | Gained mutation: Your natural rate of healing is unusually
                  | fast. [Vine Stalker growth]
  2086 | D:2      | Reached XP level 4. HP: 21/23 MP: 5/5
  2252 | D:3      | You fall into a shaft and drop 2 floors!
  2273 | D:4      | Noticed Sigmund
  2274 | D:4      | Noticed Blork the orc
  2367 | D:5      | Reached skill level 5 in Unarmed Combat
  2367 | D:5      | Reached XP level 5. HP: 27/27 MP: 6/6
  2478 | D:4      | Killed a sky beast
  2479 | D:4      | Reached XP level 6. HP: 22/33 MP: 4/7
  2542 | D:4      | Found a shimmering altar of Xom.
  2550 | D:4      | Noticed Robin
  2553 | D:4      | Reached * piety under Okawaru
  2566 | D:4      | Killed Robin
  2597 | D:4      | Found a sparkling altar of Nemelex Xobeh.
  2713 | D:3      | Reached skill level 6 in Unarmed Combat
  2782 | D:3      | Reached XP level 7. HP: 37/37 MP: 8/8
  3108 | D:4      | Killed Blork the orc
  3131 | D:4      | Reached skill level 7 in Unarmed Combat
  3132 | D:4      | Found Ifill's General Store.
  3349 | D:4      | Killed Sigmund
  3349 | D:4      | Reached ** piety under Okawaru
  3350 | D:4      | Reached skill level 8 in Unarmed Combat
  3350 | D:4      | Gained mutation: You have razor-sharp teeth. [Vine Stalker
                  | growth]
  3350 | D:4      | Reached XP level 8. HP: 34/42 MP: 7/9
  3691 | D:5      | Noticed Dowan
  3696 | D:5      | Killed Dowan
  3697 | D:5      | Reached skill level 1 in Armour
  3697 | D:5      | Noticed Duvessa
  3703 | D:5      | HP: 1/42 [Duvessa (10)]
  3704 | D:5      | Succumbed to Duvessa's poison

Illustrated notes

Levels and vault maps discovered:
D:1:      dpeg_arrival_radiant, layout_basic, ebering_ecumenical_altar_rust
D:2:      layout_basic, kennysheep_jessica_study
D:3:      cheibrodos_pilgrimage, layout_rooms, chequers_decorated_corner,
          chequers_mini_garden, minmay_between
D:4:      cheibrodos_helix_gallery, layout_loops_ring,
          mainiacjoe_overflow_large_starburst, serial_shops, kennysheep_mini,
          uniq_blork_the_orc, uniq_sigmund, uniq_robin
D:5:      layout_loops_corners, temple_hall, uniq_duvessa, uniq_grinder
Temple:   eino_narrow_crystal_temple

Skill      XL: |  1  2  3  4  5  6  7  8 |
---------------+-------------------------+-----
Unarmed Combat | 3 4 5 6 8 |  8.3
Fighting       | 4 |  4.2
Dodging        | 2 |  2.6
Armour         | 1 |  1.0
Stealth        | |  6.0

Action                   |  1- 3 |  4- 6 |  7- 9 || total
-------------------------+-------+-------+-------++-------
Melee: Unarmed           |    95 |   119 |    93 ||   307
       Bite              |    15 |    39 |    26 ||    80
       Punch             |     2 |       |     2 ||     4
  Use: Scroll            |     1 |       |       ||     1
 Stab: Sleeping          |    11 |     2 |     4 ||    17
Armor: Leather armour    |    23 |     4 |       ||    27
       Ring mail         |       |    26 |    15 ||    41
       Scale mail        |       |       |     4 ||     4
Dodge: Dodged            |    42 |    45 |    46 ||   133

Table legend: (Time is in decaauts)
 A = Elapsed time spent in this place.
 B = Non-inter-level travel time spent in this place.
 C = Inter-level travel time spent in this place.
 D = Time resting spent in this place.
 E = Time spent auto-exploring this place.
 F = Levels seen in this place.
 G = Mean time per level.
                   A        B        C        D        E       F      G
               +--------+--------+--------+--------+--------+-----+--------+
         Total |   3677 |   3474 |    203 |    129 |   2289 |   6 |  612.8 |
       Dungeon |   3659 |   3463 |    196 |    129 |   2289 |   5 |  731.8 |
        Temple |     17 |     10 |      7 |      0 |      0 |   1 |   17.0 |
               +--------+--------+--------+--------+--------+-----+--------+

Top non-repeatable levels by time:
     D:1: 950 daAuts
     D:2: 933 daAuts
     D:4: 921 daAuts
     D:3: 509 daAuts
     D:5: 345 daAuts
  Temple: 17 daAuts
